 Dungeon Crawl Stone Soup version 0.20.1-1-g8b1a95d (webtiles) character file.

265985 esteth the Metallomancer (level 20, -5/122 HPs)
             Began as a Gargoyle Earth Elementalist on Oct 19, 2017.
             Was the Champion of Vehumet.
             Slain by a red ugly thing (10 damage)
             ... on level 14 of the Dungeon on Oct 22, 2017.
             The game lasted 04:59:20 (66525 turns).

esteth the Metallomancer (GrEE)                    Turns: 66525, Time: 04:59:21

Health: -5/122     AC: 28    Str: 15    XL:     20   Next: 9%
Magic:  3/37       EV: 15    Int: 26    God:    Vehumet [******]
Gold:   1717       SH: 10    Dex: 10    Spells: 2/45 levels left

rFire    + . .     SeeInvis +   W - staff of energy
rCold    + + +     Gourm    .   Z - +1 buckler
rNeg     + . .     Faith    .   y - +2 robe {rC+ rF+}
rPois    ∞         Spirit   .   t - +2 helmet
rElec    +         Reflect  +   p - scarf {repulsion}
rCorr    .         Harm     .   C - +2 pair of gloves
MR       +....                  n - +2 pair of boots
Stlth    ++........             B - +5 amulet of reflection
Regen    0.3/turn               Y - ring of Orhofaut {rC++ SInv}
MPRegen  0.3/turn               M - +4 ring of intelligence

@: flying, very slightly contaminated, repel missiles
A: big wings, negative energy resistance 1, screaming 1, electricity resistance,
unbreathing, petrification resistance, rot immunity, AC +15
}: 2/15 runes: decaying, serpentine
a: Stop Flying, Renounce Religion


You were on level 14 of the Dungeon.
You worshipped Vehumet.
Vehumet was exalted by your worship.
You were hungry.

You visited 7 branches of the dungeon, and saw 33 of its levels.
You also visited: Volcano.

You collected 2954 gold pieces.
You spent 1237 gold pieces at shops.

Inventory:

Missiles
 T - 346 stones (quivered)
Armour
 n - a +2 pair of boots (worn)
 p - a scarf of repulsion (worn)
 t - a +2 helmet (worn)
 y - a +2 robe of resistance (worn)
 C - a +2 pair of gloves (worn)
 Z - a +1 buckler (worn)
Magical Staves
 H - an uncursed staff of earth
 W - an uncursed staff of energy (weapon)
Jewellery
 a - an uncursed ring of protection from magic
 B - a +5 amulet of reflection (around neck)
 J - an uncursed ring of see invisible
 M - a +4 ring of intelligence (right hand)
 N - an uncursed ring of magical power
 V - a +2 ring of protection
 Y - the ring of Orhofaut (left hand) {rC++ SInv}
   (You found it on level 6 of the Lair of Beasts)

   [ring of see invisible]

   It greatly protects you from cold.
   It lets you see invisible.
Wands
 j - a wand of acid (7/15)
 s - a wand of polymorph (12/24)
 D - a wand of lightning (4/15)
 E - a wand of lightning (8/15)
 G - a wand of clouds (5/9)
 I - a wand of digging (11/24)
Scrolls
 b - 2 scrolls of holy word
 g - 2 scrolls of remove curse
 v - 5 scrolls of enchant weapon
 w - 9 scrolls of recharging
 F - 5 scrolls of fog
 L - a scroll of identify
 O - 5 scrolls of teleportation
 Q - 2 scrolls of enchant armour
 X - a scroll of silence
Potions
 c - a potion of resistance
 f - 8 potions of curing
 o - 4 potions of brilliance
 u - 2 potions of mutation
 z - 2 potions of might
 K - 2 potions of haste
Books
 e - a book of Geomancy

   Spells                             Type                      Level
   a - Sandblast                      Earth                        1
   b - Passwall                       Transmutation/Earth          2
   c - Stone Arrow                    Conjuration/Earth            3
   d - Petrify                        Transmutation/Earth          4
   e - Lee's Rapid Deconstruction     Earth                        5
 h - a book of Fire

   Spells                             Type                      Level
   a - Ignite Poison                  Fire/Transmutation/Poison    3
   b - Fireball                       Conjuration/Fire             5
   c - Bolt of Fire                   Conjuration/Fire             6
   d - Ring of Flames                 Charms/Fire                  7
   e - Ignition                       Fire                         8
 r - a book of Power

   Spells                             Type                      Level
   a - Iskenderun's Battlesphere      Conjuration/Charms           5
   b - Venom Bolt                     Conjuration/Poison           5
   c - Bolt of Magma                  Conjuration/Fire/Earth       5
   d - Iron Shot                      Conjuration/Earth            6
   e - Orb of Destruction             Conjuration                  7
   f - Spellforged Servitor           Conjuration/Summoning        7
 x - Sif Muna's Volume of the Mountains
   (You bought it in a shop on level 6 of the Dungeon)

   Spells                             Type                      Level
   a - Passwall                       Transmutation/Earth          2
   b - Leda's Liquefaction            Hexes/Earth                  4
   c - Bolt of Magma                  Conjuration/Fire/Earth       5
   d - Lee's Rapid Deconstruction     Earth                        5
   e - Iron Shot                      Conjuration/Earth            6
   f - Statue Form                    Transmutation/Earth          6
   g - Shatter                        Earth                        9
 A - a book of Callings

   Spells                             Type                      Level
   a - Summon Small Mammal            Summoning                    1
   b - Call Imp                       Summoning                    2
   c - Call Canine Familiar           Summoning                    3
   d - Summon Guardian Golem          Hexes/Summoning              3
   e - Summon Lightning Spire         Summoning/Air                4
   f - Summon Ice Beast               Ice/Summoning                4
 U - the Guide on Supportive Conjuration
   (You found it on level 10 of the Dungeon)

   Spells                             Type                      Level
   a - Magic Dart                     Conjuration                  1
   b - Summon Butterflies             Summoning                    1
   c - Summon Guardian Golem          Hexes/Summoning              3
   d - Throw Icicle                   Conjuration/Ice              4
   e - Summon Demon                   Summoning                    5
   f - Conjure Ball Lightning         Conjuration/Air              6
Miscellaneous
 q - a crystal ball of energy
Comestibles
 d - 12 bread rations
 i - 14 meat rations
 k - 15 royal jellies
 l - 4 chunks of flesh
 m - 24 fruits


   Skills:
 + Level 12.1 Fighting
 - Level 9.6 Staves
 - Level 8.3 Dodging
 - Level 2.1 Stealth
 - Level 4.3 Shields
 - Level 13.3 Spellcasting
 + Level 15.5 Conjurations
 - Level 7.1 Summonings
   Level 0.7 Transmutations
 - Level 3.1 Fire Magic
 - Level 22.3 Earth Magic
 + Level 8.6 Evocations


You had 2 spell levels left.
You knew the following spells:

 Your Spells              Type           Power        Failure   Level  Hunger
a - Spellforged Servitor  Conj/Summ      ######....   7%          7    None
c - Lee's Rapid Deconstr  Erth           #######...   0%          5    None
d - Lehudib's Crystal Sp  Conj/Erth      #######...   2%          8    None
e - Shatter               Erth           #######...   7%          9    None
f - Apportation           Tloc           ###...       3%          1    None
g - Bolt of Fire          Conj/Fire      ######....   3%          6    None
h - Orb of Destruction    Conj           #######...   1%          7    None


Dungeon Overview and Level Annotations

Branches:
Dungeon (15/15)            Temple (1/1) D:4            Lair (6/6) D:10
  Swamp (4/4) Lair:4        Snake (4/4) Lair:4        Slime (0/5) Lair:5
    Orc (2/2) D:12            Elf (0/3) Orc:2        Vaults (1/5) D:14
 Depths (0/5) D:15

Altars:
Ashenzari
Cheibriados
Elyvilon
Gozag
Hepliaklqana
Makhleb
Nemelex Xobeh
Okawaru
Qazlal
Vehumet
Xom
Yredelemnul
The Shining One
Jiyva

Shops:
D:6 *   Orc:2 *[(=(**

Annotations:
D:3 1 runed door
D:5 Prince Ribbit
Lair:4 exclusion: oklob plant
Swamp:3 3 exclusions, Mara


Innate Abilities, Weirdness & Mutations

You are resistant to torment.
Your stone body is resilient. (AC +15)
You are immune to poison.
Your large and strong wings let you fly indefinitely.
You resist negative energy. (rN+)
You are resistant to electric shocks. (rElec)
You can survive without breathing.
You are immune to petrification.
You are immune to rotting.
You occasionally shout uncontrollably at your foes.


Message History

The bolt hits the yaktaur.
The yaktaur captain shoots a bolt.
The bolt closely misses you.
The yaktaur shoots a bolt.
The bolt is repelled.
The yaktaur captain shoots a bolt.
You reflect the bolt off an invisible shield around you!
The bolt hits the yaktaur captain!!
There is a gate leading back out of this place here.
The red ugly thing engulfs you!
* * * LOW HITPOINT WARNING * * *
You are engulfed in flames!
You resist.
* * * LOW HITPOINT WARNING * * *
You block the two-headed ogre's attack.
The two-headed ogre hits you with a giant club!
* * * LOW HITPOINT WARNING * * *
You fly up through the gate.
Welcome back to the Dungeon!
There is a gate to the Vaults here.
You feel better. The red ugly thing engulfs you!
* * * LOW HITPOINT WARNING * * *
You are engulfed in flames!
You resist.
You die...

#.#...#.#.# #........# ##.##.
#.#####...# #........# #.##.
#.........# #.(...<### ##....
######.##.###..#...## #.....
######..............########...(.
...........................#.....
.####.!)...######..........#.....
.#######((.#######....###........
.##.....#(.#...u@##.#.###...##.##
..#..#.##[.##.#O.##.........##.##
>##.#.#.#..#.#.#.####.###......<.
.##..##)#..#[##..#....# #.#####.#
.##.#..(..[))..#.#.#### #.# #.#
..#####.#.).(#####.# #.# #.#
#.......)..........# #.# #.#
...........).......# #.# #.#
#######.#.[#.####### #.# #.#


You could see a red ugly thing and a two-headed ogre.

Vanquished Creatures
  Jorgrun (Swamp:4)
  Rupert (Lair:2)
  2 thorn hunters (Swamp:4)
  A nagaraja (Snake:2)
  The ghost of Atash the Severer, a journeyman MiBe of Trog (Swamp:2)
  Aizul (Snake:1)
  A vault warden (Vaults:1)
  4 ironheart preservers (Vaults:1)
  Nessos (D:14)
  2 yaktaur captains (Vaults:1)
  A fire dragon (D:15)
  2 vault guards (Vaults:1)
  6 naga warriors
  2 ghost crabs (Swamp:4)
  21 hydras
  5 catoblepae
  6 centaur warriors
  6 ogre magi
  20 two-headed ogres
  Erica (D:10)
  3 alligators
  10 anacondas
  4 death yaks
  A vampire mage (D:15)
  5 naga sharpshooters
  2 tengu warriors
  A hell hog (Volcano)
  6 shock serpents
  4 orc high priests (Orc:2)
  Sonja (Lair:1)
  8 spriggans
  2 salamander mystics (Snake:3)
  2 skeletal warriors (D:15)
  6 unseen horrors
  2 deep trolls (Vaults:1)
  5 sea snakes
  2 spriggan druids
  4 swamp dragons (Swamp:4)
  A shadow dragon zombie (D:15)
  3 wizards
  7 naga ritualists
  5 shambling mangroves
  A necromancer (D:15)
  4 orc knights (Orc:2)
  4 ironbrand convokers (Vaults:1)
  7 mana vipers
  12 ugly things
  4 orc sorcerers (Orc:2)
  A wolf spider (Vaults:1)
  A wolf spider zombie (D:14)
  6 cyclopes
  3 deep elf magi
  15 elephants
  10 salamanders
  5 manticores
  15 naga magi
  2 ice statues (Snake:4)
  A vault sentinel (Vaults:1)
  2 guardian serpents
  36 black mambas
  A torpor snail (Swamp:1)
  2 gargoyles
  19 spiny frogs
  2 kobold demonologists
  2 rime drakes (Lair:6)
  12 komodo dragons
  An efreet (D:11)
  4 yaktaurs
  2 tengu conjurers
  3 polar bears
  A queen bee (Lair:4)
  7 meliai
  13 hornets
  6 tyrant leeches
  10 trolls
  13 bog bodies
  22 blink frogs
  15 hippogriffs
  A spriggan zombie (D:15)
  A harpy skeleton (D:14)
  22 slime creatures
  7 dream sheep
  2 shadows
  An ice dragon skeleton (D:15)
  A wyvern (D:14)
  2 vampires
  77 yaks
  6 basilisks
  3 wraiths
  Eustachio (D:6)
  3 hungry ghosts
  A hog (shapeshifter) (D:14)
  5 steam dragons
  17 vampire mosquitoes
  Edmund (D:6)
  37 nagas
  A warg (Orc:2)
  19 swamp worms
  A soldier ant (D:11)
  8 insubstantial wisps
  An acid dragon (D:15)
  A tengu zombie (D:15)
  9 porcupines
  5 hell hounds (Volcano)
  18 water moccasins
  15 swamp drakes
  6 sky beasts
  A hornet zombie (D:11)
  2 ice beasts
  3 phantoms
  2 black bears (D:7)
  2 eyes of draining
  18 orc warriors
  24 ogres
  8 wolves
  A necrophage (D:15)
  15 centaurs
  18 crocodiles
  21 bullfrogs
  9 big kobolds
  A wyvern zombie (D:11)
  2 wyvern skeletons
  A scorpion (D:9)
  A water moccasin skeleton (D:9)
  46 killer bees
  13 wights
  An electric eel (Snake:2)
  6 howler monkeys
  A bullfrog zombie (D:10)
  9 crimson imps
  3 centaur zombies
  A quasit (D:12)
  7 hounds
  13 jellies
  19 orc priests
  19 orc wizards
  7 centaur skeletons
  A gnoll shaman (D:6)
  14 worker ants
  A hound skeleton (D:6)
  3 howler monkey skeletons
  10 gnolls
  10 adders
  6 shadow imps
  22 oozes
  4 adder skeletons
  An adder zombie (D:7)
  3 worms
  3 dart slugs
  7 leopard geckos
  66 orcs
  4 giant cockroaches
  11 goblins
  13 hobgoblins
  12 jackals
  6 quokkas
  2 ball pythons
  6 bats
  5 frilled lizards
  17 kobolds
  A leopard gecko zombie (D:3)
  A quokka skeleton (D:7)
  A quokka zombie (D:6)
  7 rats
  2 fungi
  A plant (Snake:4)
1219 creatures vanquished.

Vanquished Creatures (collateral kills)
  the Lernaean hydra (Swamp:4)
  Asterion (Snake:2)
  7 nagarajas
  5 vault wardens (Vaults:1)
  An ironheart preserver (Vaults:1)
  A yaktaur captain (Vaults:1)
  10 naga warriors
  2 vault guards (Vaults:1)
  5 hydras
  An ogre mage (Vaults:1)
  6 two-headed ogres (Vaults:1)
  8 naga sharpshooters
  3 shock serpents
  2 salamander mystics (Snake:4)
  3 deep trolls (Vaults:1)
  3 sea snakes
  A glowing orange brain (shapeshifter) (Vaults:1)
  5 swamp dragons (Swamp:4)
  6 naga ritualists
  4 ironbrand convokers (Vaults:1)
  An orc knight (Vaults:1)
  2 mana vipers (Snake:4)
  An ugly thing (Vaults:1)
  2 cyclopes (Vaults:1)
  6 salamanders
  17 black mambas
  3 naga magi
  2 vault sentinels (Vaults:1)
  A spiny frog (Swamp:4)
  6 yaktaurs (Vaults:1)
  A tyrant leech (Swamp:4)
  4 bog bodies
  2 hornets
  5 slime creatures
  A wraith (Vaults:1)
  4 vampire mosquitoes
  2 swamp worms (Swamp:4)
  2 wargs (Vaults:1)
  24 nagas
  2 acid dragons (Vaults:1)
  6 insubstantial wisps (Swamp:4)
  2 orc warriors (Vaults:1)
  2 swamp drakes (Swamp:4)
  4 ogres (Vaults:1)
  3 electric eels
  An orc (Vaults:1)
  5 plants
186 creatures vanquished.

Vanquished Creatures (others)
  Urug (D:15)
  A cyclops (D:14)
  A vampire mosquito (Swamp:3)
  A swamp worm (Swamp:1)
  3 orc warriors
  A wolf (Lair:4)
  An orc wizard (Orc:2)
  28 fungi
  28 plants
  10 withered plants (D:15)
75 creatures vanquished.

Grand Total: 1480 creatures vanquished

Notes
Turn   | Place    | Note
-------+----------+-------------------------------------------
     0 | D:1      | esteth the Gargoyle Earth Elementalist began the quest for the Orb.
     0 | D:1      | Reached XP level 1. HP: 10/10 MP: 3/3
   106 | D:1      | Reached skill level 4 in Earth Magic
   106 | D:1      | Reached XP level 2. HP: 7/15 MP: 0/5
   698 | D:1      | Reached XP level 3. HP: 10/19 MP: 3/6
  1632 | D:1      | Reached skill level 5 in Earth Magic
  1632 | D:1      | Reached XP level 4. HP: 16/24 MP: 3/8
  2523 | D:2      | Reached XP level 5. HP: 28/28 MP: 10/10
  2528 | D:2      | Learned a level 3 spell: Stone Arrow
  2534 | D:2      | Learned a level 5 spell: Lee's Rapid Deconstruction
  2806 | D:2      | Found an opulent altar of Gozag.
  2809 | D:2      | Found a glowing golden altar of the Shining One.
  3250 | D:3      | Reached skill level 1 in Conjurations
  3262 | D:3      | Reached skill level 6 in Earth Magic
  3262 | D:3      | Reached XP level 6. HP: 8/32 MP: 7/11
  3818 | D:3      | Found a runed door.
  4772 | D:4      | Found a staircase to the Ecumenical Temple.
  4801 | Temple   | Entered the Ecumenical Temple
  4945 | Temple   | Became a worshipper of Vehumet
  5025 | D:4      | Reached XP level 7. HP: 36/36 MP: 2/13
  5308 | D:5      | Entered Level 5 of the Dungeon
  5338 | D:5      | Noticed Prince Ribbit
  5670 | D:5      | Reached skill level 7 in Earth Magic
  6570 | D:5      | Found a shimmering altar of Xom.
  6571 | D:5      | Found a hazy altar of Hepliaklqana.
  6572 | D:5      | Noticed a spectral ugly thing
  6638 | D:6      | Reached * piety under Vehumet
  6638 | D:6      | Offered knowledge of Flame Tongue by Vehumet.
  6638 | D:6      | Reached skill level 5 in Spellcasting
  6648 | D:6      | Found Akhusurro's Elemental Accessories.
  6880 | D:6      | Reached XP level 8. HP: 41/41 MP: 5/15
  7045 | D:6      | Reached skill level 8 in Earth Magic
  7152 | D:6      | Noticed Eustachio
  7168 | D:6      | Reached skill level 5 in Conjurations
  7208 | D:6      | Killed Eustachio
  7743 | D:6      | Learned a level 3 spell: Spider Form
  8188 | D:6      | Noticed Edmund
  8201 | D:6      | Killed Edmund
  8201 | D:6      | Reached skill level 9 in Earth Magic
  8201 | D:6      | Reached XP level 9. HP: 45/45 MP: 6/18
  8985 | D:7      | Reached ** piety under Vehumet
  8987 | D:7      | Offered knowledge of Shock by Vehumet.
  9710 | D:7      | Reached skill level 10 in Earth Magic
 10642 | D:8      | Reached skill level 1 in Fighting
 10642 | D:8      | Reached skill level 1 in Staves
 10783 | D:8      | Reached XP level 10. HP: 40/52 MP: 21/21
 11180 | D:9      | Reached skill level 1 in Evocations
 11190 | D:9      | Noticed a green ugly thing
 11220 | D:9      | Killed a green ugly thing
 11630 | D:9      | Noticed a two-headed ogre
 11651 | D:9      | Killed a two-headed ogre
 11651 | D:9      | Offered knowledge of Throw Frost by Vehumet.
 12110 | D:9      | Noticed a cyan ugly thing
 12120 | D:9      | Killed a cyan ugly thing
 12499 | D:9      | Reached *** piety under Vehumet
 12813 | D:9      | Noticed a two-headed ogre
 12831 | D:9      | Killed a two-headed ogre
 12831 | D:9      | Reached skill level 11 in Earth Magic
 12831 | D:9      | Reached XP level 11. HP: 61/61 MP: 11/23
 13819 | D:10     | Entered Level 10 of the Dungeon
 13839 | D:10     | Offered knowledge of Force Lance by Vehumet.
 14059 | D:10     | Reached skill level 1 in Shields
 14233 | D:10     | Noticed Erica
 14241 | D:10     | Killed Erica
 14743 | D:10     | Reached **** piety under Vehumet
 14774 | D:10     | Found a staircase to the Lair.
 14839 | D:10     | Noticed a wizard
 14847 | D:10     | Killed a wizard
 14847 | D:10     | Reached skill level 5 in Fighting
 14857 | D:10     | Identified the Guide on Supportive Conjuration
 15020 | Lair:1   | Entered Level 1 of the Lair of Beasts
 15022 | Lair:1   | Offered knowledge of Bolt of Draining by Vehumet.
 15029 | Lair:1   | Learned a level 5 spell: Bolt of Draining
 15040 | Lair:1   | Found a dark tunnel.
 15047 | Lair:1   | Reached skill level 5 in Staves
 15195 | Volcano  | Entered a volcano
 15227 | Volcano  | Noticed a hell hog
 15228 | Volcano  | Reached XP level 12. HP: 68/68 MP: 19/24
 15231 | Volcano  | Killed a hell hog
 15373 | Lair:1   | Found a labyrinth entrance.
 15795 | Lair:1   | Reached skill level 5 in Evocations
 16191 | Lair:1   | Noticed Sonja
 16200 | Lair:1   | Killed Sonja
 16294 | Lair:1   | Learned a level 1 spell: Apportation
 16865 | Lair:2   | Noticed a four-headed hydra
 16870 | Lair:2   | Killed a four-headed hydra
 16870 | Lair:2   | Reached skill level 10 in Conjurations
 17006 | Lair:2   | Reached skill level 5 in Dodging
 17275 | Lair:2   | Reached skill level 12 in Earth Magic
 17877 | Lair:3   | Reached ***** piety under Vehumet
 18561 | Lair:3   | Reached XP level 13. HP: 71/76 MP: 10/26
 18562 | Lair:3   | Offered knowledge of Iskenderun's Mystic Blast by Vehumet.
 18841 | Lair:3   | Noticed Rupert
 19552 | Lair:3   | Paralysed by Rupert for 3 turns
 19596 | Lair:2   | Paralysed by Rupert for 3 turns
 19619 | Lair:2   | Killed Rupert
 21036 | Lair:4   | Identified a scroll of acquirement
 21039 | Lair:4   | Got a crude helmet
 21050 | Lair:4   | Identified the +0 helmet "Lerig" {*Corrode +Inv rElec Dex+5} (You acquired it on level 4 of the Lair of Beasts)
 21453 | Lair:4   | Found a staircase to the Snake Pit.
 21511 | Lair:4   | Found a staircase to the Swamp.
 22214 | Lair:4   | Reached skill level 10 in Spellcasting
 22588 | Lair:4   | Offered knowledge of Bolt of Fire by Vehumet.
 22596 | Lair:4   | Learned a level 6 spell: Bolt of Fire
 23147 | Lair:5   | Reached skill level 1 in Fire Magic
 23147 | Lair:5   | Gained mutation: Your large and strong wings let you fly indefinitely. [Gargoyle growth]
 23147 | Lair:5   | Reached XP level 14. HP: 84/84 MP: 17/28
 23318 | Lair:6   | Entered Level 6 of the Lair of Beasts
 23957 | Lair:5   | Found a staircase to the Slime Pits.
 23958 | Lair:5   | Found a viscous altar of Jiyva.
 24389 | Lair:5   | Found a snail-covered altar of Cheibriados.
 26055 | Lair:6   | Learned a level 7 spell: Orb of Destruction
 26475 | Lair:6   | Got a warped robe
 26476 | Lair:6   | Identified the cursed +1 robe "Ceodog" {rC+} (You found it on level 6 of the Lair of Beasts)
 26976 | Lair:6   | Offered knowledge of Ozocubu's Refrigeration by Vehumet.
 28945 | Lair:6   | Got a coiled pewter ring
 28953 | Lair:6   | Identified the ring of Orhofaut {rC++ SInv} (You found it on level 6 of the Lair of Beasts)
 29223 | Lair:6   | Reached XP level 15. HP: 92/92 MP: 5/29
 30825 | D:11     | Offered knowledge of Freezing Cloud by Vehumet.
 31210 | D:11     | You fall through a shaft!
 31289 | D:11     | Found a glowing golden altar of the Shining One.
 31476 | D:12     | Reached skill level 10 in Fighting
 32111 | D:12     | Found a staircase to the Orcish Mines.
 32936 | Orc:1    | Entered Level 1 of the Orcish Mines
 33081 | Orc:2    | Entered Level 2 of the Orcish Mines
 33236 | Orc:2    | Found Cuyrisuk's Antique Weapon Boutique.
 34039 | Orc:2    | Offered knowledge of Poison Arrow by Vehumet.
 35258 | Orc:2    | Gained mutation: You occasionally shout uncontrollably at your foes. [a neqoxec]
 35451 | Orc:2    | Found Uroiz's Antique Armour Emporium.
 35506 | Orc:2    | Found a staircase to the Elven Halls.
 35507 | Orc:2    | Found Puda's Assorted Antiques.
 36145 | Orc:2    | Found Luz Miho's General Store.
 36145 | Orc:2    | Found Ruhan's Jewellery Boutique.
 36148 | Orc:2    | Found Mosunty's Assorted Antiques.
 36148 | Orc:2    | Found Duduopel's Antique Weapon Boutique.
 36384 | D:6      | Bought Sif Muna's Volume of the Mountains for 780 gold pieces
 36394 | D:6      | Learned a level 9 spell: Shatter
 36728 | D:12     | Reached skill level 13 in Earth Magic
 37055 | D:12     | Offered knowledge of Bolt of Cold by Vehumet.
 38331 | Swamp:1  | Entered Level 1 of the Swamp
 38532 | Swamp:1  | Reached skill level 14 in Earth Magic
 38956 | Swamp:1  | Reached XP level 16. HP: 98/98 MP: 2/31
 39509 | Swamp:2  | Noticed Atash's ghost (journeyman MiBe)
 40418 | Swamp:1  | Reached skill level 15 in Earth Magic
 41715 | Swamp:2  | Offered knowledge of Ozocubu's Refrigeration by Vehumet.
 41872 | Swamp:1  | Reached skill level 16 in Earth Magic
 42458 | Snake:1  | Entered Level 1 of the Snake Pit
 43151 | Snake:1  | Noticed Aizul
 43174 | Snake:1  | Killed Aizul
 43979 | D:14     | Reached skill level 17 in Earth Magic
 44344 | D:14     | Killed Nessos
 45024 | D:14     | Found a gate to the Vaults.
 45263 | D:15     | Entered Level 15 of the Dungeon
 45292 | D:15     | Reached skill level 18 in Earth Magic
 46215 | Snake:1  | Reached XP level 17. HP: 103/103 MP: 6/32
 47471 | Snake:1  | Reached ****** piety under Vehumet
 47711 | Snake:1  | Offered knowledge of Lehudib's Crystal Spear by Vehumet.
 47711 | Snake:1  | Offered knowledge of Glaciate by Vehumet.
 47711 | Snake:1  | Offered knowledge of Tornado by Vehumet.
 47722 | Snake:1  | Learned a level 8 spell: Lehudib's Crystal Spear
 47970 | Snake:1  | Reached skill level 19 in Earth Magic
 48894 | Snake:2  | Noticed Asterion
 50445 | Swamp:2  | Killed Atash's ghost
 51299 | Swamp:3  | Reached skill level 20 in Earth Magic
 52279 | Swamp:3  | Noticed Mara
 53487 | Orc:2    | Bought a potion of magic for 120 gold pieces
 53487 | Orc:2    | Bought a scroll of amnesia for 52 gold pieces
 53487 | Orc:2    | Bought a potion of brilliance for 60 gold pieces
 53487 | Orc:2    | Bought a potion of haste for 150 gold pieces
 53491 | Orc:2    | Bought a scroll of teleportation for 75 gold pieces
 54172 | D:15     | Found a staircase to the Depths.
 54294 | D:15     | Noticed Urug
 54297 | D:15     | Killed Urug
 54297 | D:15     | Reached XP level 18. HP: 98/108 MP: 29/35
 54308 | D:15     | Learned a level 7 spell: Spellforged Servitor
 54607 | D:15     | Reached skill level 1 in Summonings
 55287 | Swamp:4  | Entered Level 4 of the Swamp
 55287 | Swamp:4  | Noticed Jorgrun
 55299 | Swamp:4  | Killed Jorgrun
 55997 | Swamp:4  | Reached skill level 5 in Summonings
 57515 | Swamp:4  | Noticed the 27-headed Lernaean hydra
 57531 | Swamp:4  | Killed the 27-headed Lernaean hydra
 57792 | Swamp:4  | Got a decaying rune of Zot
 58453 | Snake:2  | Killed Asterion
 58935 | Snake:2  | Got a heavily runed shield
 58946 | Snake:2  | Identified the cursed +0 shield of Intercession {rN+ Str-3 Dex+3} (You took it off Asterion on level 2 of the Snake Pit)
 60655 | Snake:3  | Reached skill level 21 in Earth Magic
 61650 | Snake:3  | Reached XP level 19. HP: 109/113 MP: 15/36
 62047 | Snake:4  | Entered Level 4 of the Snake Pit
 64269 | Snake:4  | Reached skill level 15 in Conjurations
 64761 | Snake:4  | Reached skill level 22 in Earth Magic
 64927 | Snake:4  | Got a serpentine rune of Zot
 65270 | Vaults:1 | Entered Level 1 of the Vaults
 66475 | Vaults:1 | Reached XP level 20. HP: 114/121 MP: 15/37
 66523 | Vaults:1 | HP: 5/122 [two-headed ogre/dire flail (12)]
 66525 | D:14     | Slain by a red ugly thing

Skill      XL: |  1  2  3  4  5  6  7  8  9 10 11 12 13 14 15 16 17 18 19 20 |
---------------+-------------------------------------------------------------+-----
Earth Magic    | 4 5 6 7 9 10 11 12 14 18 20 21 22 | 22.3
Spellcasting   | 3 4 5 6 7 8 9 10 11 13 | 13.3
Conjurations   | 1 3 4 6 7 8 9 10 11 12 13 15 | 15.5
Fighting       | 1 4 5 7 8 9 10 11 12 | 12.1
Staves         | 1 3 5 6 7 9 |  9.6
Evocations     | 3 4 5 6 7 8 |  8.6
Dodging        | 3 4 5 6 7 8 |  8.3
Shields        | 2 4 |  4.3
Fire Magic     | 1 3 |  3.1
Summonings     | 7 |  7.1
Stealth        | |  2.1
Transmutations | |  0.7

Action                   |  1- 3 |  4- 6 |  7- 9 | 10-12 | 13-15 | 16-18 | 19-21 || total
-------------------------+-------+-------+-------+-------+-------+-------+-------++-------
Melee: Unarmed           |    68 |       |       |       |       |       |       ||    68
       Club              |    67 |   115 |       |       |       |       |       ||   182
       Mace              |       |   160 |   127 |       |       |       |       ||   287
       Staff             |       |       |   340 |   311 |   229 |   161 |    50 ||  1091
 Cast: Sandblast         |    28 |    32 |    66 |    88 |   138 |    88 |       ||   440
       Stone Arrow       |       |     5 |    14 |   115 |   453 |   161 |       ||   748
       Lee's Rapid Decon |       |       |     9 |    32 |    62 |   168 |     4 ||   275
       Bolt of Draining  |       |       |       |     8 |    15 |       |       ||    23
       Orb of Destructio |       |       |       |       |    92 |    62 |       ||   154
       Bolt of Fire      |       |       |       |       |   106 |    94 |    12 ||   212
       Apportation       |       |       |       |       |     1 |       |     1 ||     2
       Spider Form       |       |       |       |       |     1 |       |       ||     1
       Lehudib's Crystal |       |       |       |       |       |   189 |    70 ||   259
       Spellforged Servi |       |       |       |       |       |    36 |    50 ||    86
       Shatter           |       |       |       |       |       |       |     6 ||     6
 Abil: Fly               |       |       |       |       |     1 |       |       ||     1
Evoke: Staff of energy   |       |       |       |       |    10 |    43 |     5 ||    58
  Use: Scroll            |       |     3 |    20 |    12 |    16 |    17 |     2 ||    70
       Potion            |       |       |     3 |     1 |    12 |     8 |     3 ||    27
 Stab: Sleeping          |     1 |     6 |     5 |     1 |       |       |       ||    13
       Distracted        |       |     1 |       |       |       |       |     3 ||     4
  Eat: Chunk             |     3 |     9 |    14 |    21 |    49 |    24 |     9 ||   129
       Fruit             |       |     1 |     1 |       |     2 |     7 |       ||    11
       Bread ration      |       |       |     2 |     2 |     1 |     3 |       ||     8
       Royal jelly       |       |       |       |     1 |     4 |    12 |     4 ||    21
       Meat ration       |       |       |       |       |       |     1 |       ||     1
Armor: Robe              |    64 |   156 |   261 |   145 |   252 |   306 |    85 ||  1269
Dodge: Dodged            |   128 |   252 |   315 |   169 |   384 |   394 |   116 ||  1758
       Deflected         |       |     2 |     6 |     2 |    16 |    37 |    32 ||    95
Block: Other             |       |       |    44 |    45 |       |       |       ||    89
       Reflection        |       |       |     2 |       |    13 |    29 |    28 ||    72
       Buckler           |       |       |       |    56 |   292 |   332 |   106 ||   786
